 Dungeon Crawl Stone Soup version 0.31-a0-145-g046c7d2549 (webtiles) character file.

Game seed: 5486559545132730657

4708 qw the Skirmisher (level 10, -2/90 HPs)
             Began as a Minotaur Hunter on June 7, 2023.
             Was a Believer of Okawaru.
             Slain by a yak (5 damage)
             ... on level 9 of the Dungeon.
             The game lasted 00:03:26 (7930 turns).

qw the Skirmisher (Minotaur Hunter)                 Turns: 7930, Time: 00:03:26

Health: -2/90      AC: 11    Str: 16      XL:     10   Next: 22%
Magic:  10/12      EV: 19    Int:  6      God:    Okawaru [**....]
Gold:   280        SH:  0    Dex: 23 (24) Spells: 9/9 levels left

rFire   + + .        Y - +3 shortbow
rCold   . . .        (shield currently unavailable)
rNeg    . . .        m - +0 ring mail {rF+}
rPois   +            (helmet restricted)
rElec   .            h - +0 cloak
rCorr   .            (no gloves)
SInv    .            j - +2 pair of boots
Will    .....        b - amulet of the acrobat
Stlth   +++          c - ring of poison resistance
HPRegen 0.35/turn    k - +6 ring of dexterity
MPRegen 0.13/turn

%: acrobat
@: about to teleport, heroic
A: horns 2, retaliatory headbutt, talons 1, deterioration 1, fire resistance 1,
wild magic 1
a: Renounce Religion, Heroism


You were on level 9 of the Dungeon.
You worshipped Okawaru.
Okawaru was pleased with you.
You visited 2 branches of the dungeon, and saw 10 of its levels.
You also visited: Ossuary.

You collected 497 gold pieces.
You spent 217 gold pieces at shops.


Innate Abilities, Weirdness & Mutations

You have a pair of horns on your head.
You reflexively headbutt those who attack you in melee.
You have sharp toenails.
Your body sometimes deteriorates upon taking damage.
Your flesh is heat resistant. (rF+)
Your spells are a little harder to cast, but a little more powerful.


   Skills:
 - Level 8.7(13.7) Fighting
 + Level 12.5(17.5) Ranged Weapons
 - Level 4.3(9.3) Armour
 - Level 6.1(11.1) Dodging
 - Level 0.7(5.7) Stealth
 - Level 4.1 Invocations


You had 9 spell levels left.
You didn't know any spells.
Your spell library was empty.

Inventory:

Hand Weapons
 Y - a +3 shortbow (weapon)
Armour
 h - a +0 cloak (worn)
 j - a +2 pair of boots (worn)
 m - a +0 ring mail of fire resistance (worn)
Jewellery
 b - an amulet of the acrobat (around neck)
 c - a ring of poison resistance (left hand)
 d - a ring of resist corrosion
 i - a ring of ice
 k - a +6 ring of dexterity (right hand)
Scrolls
 a - 3 scrolls of identify
 e - 8 scrolls of teleportation
Potions
 f - 3 potions of curing
 g - 3 potions of cancellation
 l - a potion of magic
 n - a potion of might {unknown}

Dungeon Overview and Level Annotations

Branches:
Dungeon (9/15)             Temple (1/1) D:4         Ossuary (visited)
   Lair: D:8-11         Orc: D:9-12

Altars:
Ashenzari
Cheibriados
Dithmenos
Elyvilon
Fedhas
Gozag
Hepliaklqana
Kikubaaqudgha
Makhleb
Nemelex Xobeh
Okawaru
Qazlal
Ru
Sif Muna
Trog
Uskayaw
Vehumet
Wu Jian
Xom
Yredelemnul
Zin
The Shining One

Shops:
D:5 [

Annotations:
D:2 1 runed translucent door, Crazy Yiuf


Message History

The centaur closely misses you. You furiously retaliate!
You headbutt the centaur!
The centaur kicks you but does no damage.
The yak misses you. You furiously retaliate!
You headbutt the yak! The yak gores you. The yak gores you but does no damage.
The yak completely misses you. The centaur completely misses you.
The centaur closely misses you.
You shoot an arrow. The arrow hits the centaur.
The centaur is almost dead.
The yak completely misses you. The yak gores you! The yak closely misses you.
You furiously retaliate!
You headbutt the yak. The yak completely misses you.
The yak gores you but does no damage.
The centaur hits you but does no damage.
The centaur closely misses you.
You shoot an arrow. The arrow hits the centaur!
You kill the centaur!
Okawaru accepts your kill. The yak gores you! The yak completely misses you.
The yak gores you! The yak closely misses you. You furiously retaliate!
You headbutt the yak, but do no damage. The yak misses you.
7927 ||| READING 9 scrolls of teleportation.
As you read the scroll of teleportation, it crumbles to dust.
You feel strangely unstable. The yak closely misses you.
You furiously retaliate!
You headbutt the yak! The yak closely misses you.
The yak barely misses you. x2; The yak misses you.
You furiously retaliate!
You headbutt the yak, but do no damage. You shoot an arrow.
The arrow hits the yak!
The yak is severely wounded.
The yak gores you! The yak completely misses you. You furiously retaliate!
You headbutt the yak!
You kill the yak!
Okawaru accepts your kill. The yak barely misses you.
The yak completely misses you. The yak misses you. You furiously retaliate!
You headbutt the yak. You shoot an arrow. The arrow barely misses the yak.
You shoot an arrow. The arrow hits the yak!
The yak is almost dead.
The yak closely misses you. You furiously retaliate!
You headbutt the yak! The yak gores you! The yak completely misses you.
The yak gores you.
You die...

#...####~..~.~.~...~.~
#...#~~~~~~~~~~~~~~~~~
#...###~~~.~~~~~~~..~~
#...####.....~~~.~~.~.
......~...~..~.~~.
.......#%...~......
.......#....###....
.......#..YY###....
.......#..Y@.......
.......#..Y%)......
####..............
#..............
#..........+###
............
.............
..............


You could see 4 yaks.

Vanquished Creatures
  A two-headed ogre (D:9)
  A hornet (D:6)
  Sigmund (D:2)
  2 wraiths (Ossuary)
  2 yaks (D:9)
  A steam dragon (D:6)
  A water moccasin (D:7)
  A sky beast (D:7)
  3 ice beasts
  A black bear (D:5)
  2 centaurs
  An ogre (D:6)
  2 kobold brigands
  3 bullfrogs
  8 scorpions
  3 wights
  2 jellies
  10 killer bees
  2 howler monkeys (D:8)
  A centaur zombie (Ossuary)
  3 orc priests
  A sleepcap (D:6)
  6 orc wizards
  Natasha (twice) (D:3)
  2 iguanas
  4 gnolls (D:4)
  11 adders
  2 river rats (D:4)
  A shadow imp (D:7)
  A white imp (D:7)
  An ufetubus (D:6)
  An adder zombie (Ossuary)
  2 worms
  A dart slug (D:2)
  39 orcs
  7 ball pythons
  5 bats
  4 endoplasms
  7 giant cockroaches
  7 goblins
  7 hobgoblins
  17 kobolds
  3 quokkas
  A ball python skeleton (Ossuary)
  4 frilled lizards
  2 hobgoblin skeletons (Ossuary)
  A hobgoblin zombie (Ossuary)
  A kobold zombie (Ossuary)
  2 orc skeletons (Ossuary)
  13 rats
206 creatures vanquished.

Notes
Turn   | Place    | Note
-------+----------+-------------------------------------------
     0 | D:1      | qw the Minotaur Hunter began the quest for the Orb.
     0 | D:1      | Reached XP level 1. HP: 18/18 MP: 0/0
     0 | D:1      | 0 ||| qw: Version: 0.2-a-117-gc6b5c8b
     0 | D:1      | 0 ||| qw: Game counter: 2532
     0 | D:1      | 0 ||| qw: Always use a shield: true
     0 | D:1      | 0 ||| qw: God list: Okawaru
     0 | D:1      | 0 ||| qw: Allow faded altars: false
     0 | D:1      | 0 ||| qw: Do Orc after D:15 true
     0 | D:1      | 0 ||| qw: Do second Lair branch before Depths: true
     0 | D:1      | 0 ||| qw: Lair rune preference: random
     0 | D:1      | 0 ||| qw: Plans: Normal
     0 | D:1      | 0 ||| PLANNING D:1-11
   204 | D:1      | Reached XP level 2. HP: 24/25 MP: 1/1
   268 | D:1      | Reached skill level 5 in Ranged Weapons
   574 | D:1      | 574 ||| READING scroll labelled UNKIMEBBEIS.
   575 | D:1      | 575 ||| READING scroll labelled MOJEONOULIRR.
   576 | D:1      | 576 ||| READING scroll labelled HULAYL FEMENT.
   577 | D:1      | 577 ||| READING scroll labelled SAS MYUKLENAPUYMN.
   578 | D:1      | 578 ||| READING scroll labelled BYECONOMIR.
   579 | D:1      | 579 ||| DROPPING scroll of butterflies.
   581 | D:1      | 581 ||| Stepping ~*~*~tactically~*~*~ (cloud).
   589 | D:1      | HP: 6/25 [poisoned by you (poison gas)]
   713 | D:2      | Reached skill level 3 in Fighting
   840 | D:2      | Reached XP level 3. HP: 31/31 MP: 2/2
  1113 | D:2      | Noticed Sigmund
  1129 | D:2      | 1129 ||| DROPPING scarf of invisibility.
  1135 | D:2      | Killed Sigmund
  1136 | D:2      | Reached skill level 7 in Ranged Weapons
  1136 | D:2      | Reached XP level 4. HP: 16/38 MP: 3/3
  1136 | D:2      | Reached XP level 5. HP: 19/45 MP: 4/4
  1437 | D:2      | Found a runed translucent door.
  1438 | D:2      | Noticed Crazy Yiuf
  1692 | D:2      | 1692 ||| UPGRADING to amulet of the acrobat.
  1697 | D:2      | 1697 ||| READING scroll labelled TYBEMETISAAD.
  1698 | D:2      | 1698 ||| READING scroll labelled SUEPHA TOMIM.
  1699 | D:2      | 1699 ||| READING scroll labelled TOZEAS RUIFAS.
  1700 | D:2      | 1700 ||| READING scroll labelled PIRANL ABBYMM.
  1800 | D:2      | 1800 ||| READING 2 scrolls labelled KIF SAS SIGAUSTUS.
  1801 | D:2      | 1801 ||| DRINKING 2 sapphire potions.
  1802 | D:2      | 1802 ||| DRINKING 2 glowing black potions.
  1802 | D:2      | Gained mutation: You occasionally lose the ability to drink
                  | potions when taking damage. [potion of mutation]
  1802 | D:2      | Gained mutation: Your flesh is heat resistant. (rF+)
                  | [potion of mutation]
  1803 | D:2      | 1803 ||| DRINKING potion of mutation.
  1803 | D:2      | Lost mutation: Your flesh is heat resistant. (rF+) [potion
                  | of mutation]
  1803 | D:2      | Lost mutation: You occasionally lose the ability to drink
                  | potions when taking damage. [potion of mutation]
  1803 | D:2      | Gained mutation: Your spells are a little harder to cast,
                  | but a little more powerful. [potion of mutation]
  1803 | D:2      | Gained mutation: Your body sometimes deteriorates upon
                  | taking damage. [potion of mutation]
  1803 | D:2      | Gained mutation: You have hidden genetic potential. [potion
                  | of mutation]
  1804 | D:2      | 1804 ||| DROPPING potion of brilliance.
  1805 | D:2      | 1805 ||| DROPPING scroll of fog.
  2038 | D:3      | Reached XP level 6. HP: 52/52 MP: 5/5
  2253 | D:3      | Noticed Natasha
  2262 | D:3      | Killed Natasha
  2427 | D:3      | Noticed Natasha
  2431 | D:3      | 2431 ||| FLEEEEING.
  2432 | D:3      | 2432 ||| FLEEEEING.
  2433 | D:3      | 2433 ||| FLEEEEING.
  2434 | D:3      | 2434 ||| FLEEEEING.
  2435 | D:3      | 2435 ||| FLEEEEING.
  2444 | D:3      | Killed Natasha
  2445 | D:3      | Reached skill level 8 in Ranged Weapons
  2449 | D:3      | Gained mutation: Your flesh is heat resistant. (rF+)
                  | [hidden potential]
  2550 | D:3      | 2550 ||| DRINKING 2 fizzy yellow potions.
  2579 | D:4      | 2579 ||| PLANNING SEWER
  2659 | D:4      | Found a hazy altar of Hepliaklqana.
  2748 | D:4      | Found a radiant altar of Vehumet.
  2767 | D:4      | Found a staircase to the Ecumenical Temple.
  2898 | D:4      | 2898 ||| UPGRADING to +0 ring mail.
  2910 | D:4      | 2910 ||| UPGRADING to +0 ring mail.
  2920 | D:4      | 2920 ||| DROPPING +0 leather armour.
  2921 | D:4      | 2921 ||| UPGRADING to +0 pair of boots.
  2926 | D:4      | 2926 ||| READING 2 scrolls of enchant armour.
  2926 | D:4      | 2926 ||| ENCHANTING +0 pair of boots.
  2927 | D:4      | 2927 ||| READING scroll of enchant armour.
  2927 | D:4      | 2927 ||| ENCHANTING +1 pair of boots.
  2930 | D:4      | 2930 ||| READING scroll of enchant weapon.
  2930 | D:4      | 2930 ||| ENCHANTING +1 shortbow.
  2949 | D:4      | Reached skill level 1 in Armour
  3179 | D:4      | 3179 ||| RIP SEWER
  3194 | D:4      | 3194 ||| PLANNING TEMPLE
  3194 | D:4      | 3194 ||| UPGRADING to ring of poison resistance.
  3251 | Temple   | Entered the Ecumenical Temple
  3252 | Temple   | 3252 ||| PLANNING OKAWARU WORSHIP
  3295 | Temple   | Became a worshipper of Warmaster Okawaru
  3295 | Temple   | 3295 ||| PLANNING D:1-11
  3371 | D:4      | Found a glowing silver altar of Zin.
  3374 | D:4      | Found a shimmering blue altar of Sif Muna.
  3375 | D:4      | Found a white marble altar of Elyvilon.
  3537 | D:4      | Reached XP level 7. HP: 46/61 MP: 6/6
  3537 | D:4      | 3537 ||| FLEEEEING.
  3538 | D:4      | 3538 ||| FLEEEEING.
  3539 | D:4      | 3539 ||| FLEEEEING.
  3540 | D:4      | 3540 ||| FLEEEEING.
  3541 | D:4      | 3541 ||| FLEEEEING.
  3542 | D:4      | 3542 ||| FLEEEEING.
  3543 | D:4      | 3543 ||| FLEEEEING.
  3544 | D:4      | 3544 ||| FLEEEEING.
  3545 | D:4      | 3545 ||| FLEEEEING.
  3546 | D:4      | 3546 ||| FLEEEEING.
  3547 | D:4      | 3547 ||| FLEEEEING.
  3548 | D:4      | 3548 ||| FLEEEEING.
  3549 | D:4      | 3549 ||| FLEEEEING.
  3550 | D:4      | 3550 ||| FLEEEEING.
  3551 | D:4      | 3551 ||| FLEEEEING.
  3552 | D:4      | 3552 ||| FLEEEEING.
  3553 | D:4      | 3553 ||| FLEEEEING.
  3554 | D:4      | 3554 ||| FLEEEEING.
  3555 | D:4      | 3555 ||| FLEEEEING.
  3556 | D:4      | 3556 ||| FLEEEEING.
  3557 | D:4      | 3557 ||| FLEEEEING.
  3558 | D:4      | 3558 ||| FLEEEEING.
  3559 | D:4      | 3559 ||| FLEEEEING.
  3560 | D:4      | 3560 ||| FLEEEEING.
  3561 | D:4      | 3561 ||| FLEEEEING.
  3562 | D:4      | 3562 ||| FLEEEEING.
  3563 | D:4      | 3563 ||| FLEEEEING.
  3564 | D:4      | 3564 ||| FLEEEEING.
  3565 | D:4      | 3565 ||| FLEEEEING.
  3630 | D:4      | 3630 ||| Stepping ~*~*~tactically~*~*~ (water).
  3703 | D:4      | 3703 ||| READING 3 scrolls of identify.
  3703 | D:4      | 3703 ||| IDENTIFYING fizzy emerald potion
  3704 | D:4      | 3704 ||| READING 2 scrolls of identify.
  3704 | D:4      | 3704 ||| IDENTIFYING fuming inky potion
  3705 | D:4      | 3705 ||| DROPPING potion of attraction.
  3706 | D:4      | 3706 ||| DROPPING potion of lignification.
  3722 | D:5      | Entered Level 5 of the Dungeon
  3983 | D:5      | Reached skill level 9 in Ranged Weapons
  3993 | D:5      | Reached * piety under Okawaru
  3994 | D:5      | Reached skill level 3 in Dodging
  3999 | D:5      | 3999 ||| INVOKING Heroism.
  4200 | D:5      | Found Tanej's Antique Armour Emporium.
  4203 | D:5      | 4203 ||| BUYING shiny ring mail (217 gold).
  4203 | D:5      | Bought a shiny ring mail for 217 gold pieces
  4363 | D:5      | Reached skill level 6 in Fighting
  4496 | D:5      | 4496 ||| UPGRADING to +0 cloak.
  4501 | D:5      | 4501 ||| UPGRADING to +0 ring mail of fire resistance.
  4511 | D:5      | 4511 ||| DROPPING +0 ring mail.
  4512 | D:5      | 4512 ||| UPGRADING to +6 ring of dexterity.
  4513 | D:5      | 4513 ||| READING scroll labelled FAEBOY UMOIM.
  4514 | D:5      | 4514 ||| READING 2 scrolls of identify.
  4514 | D:5      | 4514 ||| IDENTIFYING fuming blue potion
  4515 | D:5      | 4515 ||| DROPPING potion of ambrosia.
  4566 | D:6      | Reached skill level 1 in Invocations
  4566 | D:6      | Reached XP level 8. HP: 70/70 MP: 7/7
  4591 | D:6      | 4591 ||| INVOKING Heroism.
  4636 | D:6      | 4636 ||| INVOKING Heroism.
  4641 | D:6      | Gained mutation: You have sharp toenails. [hidden
                  | potential]
  4641 | D:6      | Lost mutation: You have hidden genetic potential. [hidden
                  | potential expressed]
  4716 | D:6      | 4716 ||| INVOKING Heroism.
  4764 | D:6      | 4764 ||| INVOKING Heroism.
  4996 | D:6      | Reached skill level 10 in Ranged Weapons
  5114 | D:6      | Noticed a hornet
  5123 | D:6      | Killed a hornet
  5200 | D:6      | Found a snail-covered altar of Cheibriados.
  5390 | D:6      | Found a blossoming altar of Fedhas.
  5391 | D:6      | Found an ancient bone altar of Kikubaaqudgha.
  5405 | D:6      | Reached skill level 3 in Invocations
  5427 | D:6      | 5427 ||| READING scroll labelled INIETONTEJ.
  5606 | D:7      | Reached XP level 9. HP: 70/78 MP: 10/10
  6090 | D:7      | Found a basalt altar of Yredelemnul.
  6219 | D:7      | 6219 ||| INVOKING Heroism.
  6572 | D:8      | 6572 ||| PLANNING OSSUARY
  6641 | D:8      | 6641 ||| READING scroll of enchant weapon.
  6641 | D:8      | 6641 ||| ENCHANTING +2 shortbow.
  6677 | D:8      | Reached skill level 11 in Ranged Weapons
  6699 | D:8      | 6699 ||| INVOKING Heroism.
  7030 | D:8      | 7030 ||| DRINKING 5 potions of curing.
  7030 | D:8      | 7030 ||| (to cure confusion)
  7041 | D:8      | Found a sand-covered staircase.
  7049 | Ossuary  | Entered an ossuary
  7174 | Ossuary  | Reached skill level 6 in Dodging
  7234 | Ossuary  | 7234 ||| INVOKING Heroism.
  7399 | Ossuary  | Reached ** piety under Okawaru
  7400 | Ossuary  | 7400 ||| DRINKING 2 silvery potions.
  7401 | Ossuary  | 7401 ||| READING 2 scrolls of identify.
  7401 | Ossuary  | 7401 ||| IDENTIFYING sedimented black potion
  7402 | Ossuary  | 7402 ||| DROPPING potion of berserk rage.
  7452 | D:8      | 7452 ||| PLANNING D:1-11
  7659 | D:9      | 7659 ||| STAIRDANCE
  7661 | D:9      | 7661 ||| DRINKING 4 potions of curing.
  7661 | D:9      | 7661 ||| (to cure confusion)
  7701 | D:9      | Reached skill level 12 in Ranged Weapons
  7706 | D:9      | Noticed a two-headed ogre
  7707 | D:9      | 7707 ||| INVOKING Heroism.
  7723 | D:9      | Killed a two-headed ogre
  7724 | D:9      | Reached XP level 10. HP: 54/90 MP: 10/12
  7924 | D:9      | 7924 ||| INVOKING Heroism.
  7926 | D:9      | HP: 22/90 [yak (13)]
  7927 | D:9      | 7927 ||| READING 9 scrolls of teleportation.
  7930 | D:9      | HP: 3/90 [yak (9)]
  7930 | D:9      | Slain by a yak

Levels and vault maps discovered:
D:1:      lightli_arrival_statuegarden, layout_basic, nrook_mini_backslash,
          minmay_rat_gold_closets
D:2:      layout_loops_ring, roderic_nine_men_s_morris, kennysheep_potato,
          uniq_sigmund, uniq_crazy_yiuf_cottage
D:3:      layout_basic, kennysheep_decorative_pillar, uniq_natasha
D:4:      layout_loops_corners, mainiacjoe_overflow_catch_the_wave, minitemple,
          minmay_temple_entry_drinking_statues, portal_sewer_entry_e,
          small_statue_intersection, nicolae_kite_square_tiling_tiny,
          chequers_serial_rivers_room_a
D:5:      minmay_spotlight, layout_basic, serial_shops, kennysheep_mini_moat,
          kennysheep_generic_room_16
D:6:      layout_gridville, grunt_temple_overflow_growth_and_decay,
          lemuel_coloured_pillars_altar, hangedman_decor_growths
D:7:      layout_loops_ring, mainiacjoe_overflow_catwalk, grunt_ministairs_5
D:8:      layout_basic, chequers_ossuary_entry_cave, kennysheep_small_circle
D:9:      layout_stronghold, zombieorc2_lemuel, serial_column_ruins,
          column_ruins_square_medium, column_ruins_hut, column_ruins_grid_1,
          column_ruins_corridor_straight, column_ruins_open_tiny,
          column_ruins_open_large, chequers_serial_rivers_small_3
Temple:   nicolae_temple_ecumenical_triangle

Skill      XL: |  1  2  3  4  5  6  7  8  9 |
---------------+----------------------------+-----
Ranged Weapons | 5 7 8 9 10 12 | 12.5
Fighting       | 3 4 5 6 8 |  8.7
Armour         | 2 4 |  4.3
Dodging        | 3 4 6 |  6.1
Invocations    | 1 3 4 |  4.1
Stealth        | |  0.7

Action                     |  1- 3 |  4- 6 |  7- 9 | 10-12 || total
---------------------------+-------+-------+-------+-------++-------
   Fire: Shortbow          |   114 |   184 |   434 |    31 ||   763
 Invoke: Heroism           |       |       |     9 |     1 ||    10
    Use: Scroll            |     5 |     8 |     7 |     1 ||    21
         Potion            |       |     4 |     3 |       ||     7
 Armour: Leather armour    |     7 |     7 |       |       ||    14
         Ring mail         |       |    10 |    91 |    15 ||   116
  Dodge: Dodged            |    33 |    27 |   142 |    44 ||   246

Table legend:
 A = Non-vault XP
 B = Vault XP
 C = Vault XP percentage of total XP
 D = Non-vault monster count
 E = Vault monster count
 F = Vault count percentage of total count
                 A         B        C        D         E       F
            +---------+---------+-------+---------+---------+-------
      Total |    5131 |    1595 |  23.7 |     164 |      42 |  20.4
            +---------+---------+-------+---------+---------+-------
        D:1 |      16 |       7 |  30.4 |       9 |       7 |  43.8
        D:2 |      85 |     230 |  73.0 |      27 |       4 |  12.9
        D:3 |     151 |      36 |  19.3 |      23 |       1 |   4.2
        D:4 |     169 |      59 |  25.9 |      26 |       8 |  23.5
        D:5 |     360 |     309 |  46.2 |      17 |       5 |  22.7
        D:6 |    1204 |       0 |   0.0 |      19 |       0 |   0.0
        D:7 |     963 |     231 |  19.3 |      19 |       2 |   9.5
        D:8 |     380 |     111 |  22.6 |       8 |       2 |  20.0
        D:9 |    1803 |       0 |   0.0 |      16 |       0 |   0.0
    Ossuary |       0 |     612 | 100.0 |       0 |      13 | 100.0
            +---------+---------+-------+---------+---------+-------
